 Dungeon Crawl Stone Soup version 0.25-a0-62-g88673ef095 (webtiles) character file.

Game seed: 6993735684883707149, levelgen mode: deterministic

47912 mablya the Fighter (level 14, -5/106 HPs)
             Began as an Octopode Artificer on Oct 31, 2019.
             Was the Champion of Ru.
             Slain by an ice devil (11 damage)
             ... in an ice cave.
             The game lasted 00:41:40 (32972 turns).

mablya the Fighter (Octopode Artificer)            Turns: 32972, Time: 00:41:41

Health: -5/106     AC:  3    Str: 17    XL:     14   Next: 44%
Magic:  18/22      EV: 16    Int: 19    God:    Ru [******]
Gold:   420        SH:  6    Dex: 15    Spells: 9/23 levels left

rFire    + . .     SeeInvis .   H - +8 rapier of Putrescence {flame, rF+ Str-2 Int+3}
rCold    + . .     Gourm    .   O - +0 buckler {rC+}
rNeg     . . .     Faith    .   o - +2 hat {Int+3}
rPois    +         Spirit   .   K - amulet of the acrobat
rElec    .         Reflect  .   I - ring of stealth
rCorr    .         Harm     .   j - ring of poison resistance
MR       +....                  (no ring)
Stlth    +++.......             (no ring)
HPRegen  0.27/turn              (no ring)
MPRegen  0.18/turn              (no ring)
                                (no ring)
                                (no ring)

@: mighty, exhausted, very slightly contaminated, heavily drained
A: almost no armour, stealthy swim, amphibious, 8 rings, constrict 8, camouflage
1, screaming 1, gelatinous body 1, inability to use devices, no earth magic, no
translocations magic, no transmutations magic, inexperienced 1, missing an eye
a: Draw Out Power, Power Leap, Apocalypse, Renounce Religion


You were in an ice cave.
You worshipped Ru.
Ru was exalted by your worship.
You were not hungry.

You visited 2 branches of the dungeon, and saw 19 of its levels.
You also visited: Sewer and Ice Cave.

You collected 1279 gold pieces.
You spent 859 gold pieces at shops.

Inventory:

Hand Weapons
 b - a +1 falchion of flaming
 d - a +1 short sword of distortion
 u - a +5 quick blade
 B - a +0 scimitar
 H - the +8 rapier of Putrescence (weapon) {flame, rF+ Str-2 Int+3}
   (You found it on level 1 of the Lair of Beasts)

   It has been specially enchanted to burn those struck by it, causing extra
   injury to most foes and up to half again as much damage against particularly
   susceptible opponents.
   It affects your strength (-2).
   It affects your intelligence (+3).
   It protects you from fire.
Missiles
 E - 9 curare-tipped darts (quivered)
 P - 10 atropa-tipped darts
Armour
 o - a +2 hat of intelligence (worn)
 J - a +1 shield
 O - a +0 buckler of cold resistance (worn)
Magical Staves
 L - an uncursed staff of conjuration {unknown}
Jewellery
 j - a ring of poison resistance (right tentacle)
 k - an uncursed amulet of magic regeneration
 I - a ring of stealth (left tentacle)
 K - an amulet of the acrobat (around mantle)
Scrolls
 a - 2 scrolls of fog
 c - 4 scrolls of immolation
 e - 6 scrolls of remove curse {@r2}
 g - 6 scrolls of amnesia
 h - 10 scrolls of teleportation {@r3}
 m - 6 scrolls of blinking
 n - 5 scrolls of enchant weapon
 t - a scroll of holy word
 x - 5 scrolls of fear
 y - 6 scrolls of magic mapping
 F - a scroll of vulnerability
 G - a scroll of torment
Potions
 i - a potion of ambrosia
 l - 7 potions of curing {@q1}
 p - 4 potions of haste
 q - 11 potions of brilliance
 r - 3 potions of heal wounds
 s - 5 potions of flight
 v - 5 potions of mutation
 w - 4 potions of might
 z - 3 potions of magic
 A - 3 potions of agility
 C - 2 potions of berserk rage
 D - a potion of invisibility
 M - 3 potions of lignification {unknown}
Comestibles
 f - 27 rations


   Skills:
 * Level 13.3(9.9) Fighting
 - Level 1.0(4.8) Short Blades
 - Level 11.9(8.7) Long Blades
   Level 0.1(0.0) Maces & Flails
 + Level 7.9(4.9) Dodging
 - Level 1.3(0.0) Stealth
 + Level 11.8(8.5) Shields
 + Level 5.4(2.6) Spellcasting
 - Level 5.0(2.2) Hexes
 - Level 2.0(0.0) Charms
 - Level 5.0(2.2) Necromancy


You had 9 spell levels left.
You knew the following spells:

 Your Spells              Type           Power        Failure   Level  Hunger
a - Confusing Touch       Hex            ##....       6%          1    None
b - Confuse               Hex            ##......     19%         3    ###....
c - Animate Skeleton      Necr           N/A          6%          1    None
d - Swiftness             Chrm/Air       #.......     24%         2    ##.....
e - Apportation           Tloc           #.....       16%         1    None
f - Tukima's Dance        Hex            ##......     19%         3    ###....
g - Mephitic Cloud        Conj/Pois/Air  #.......     43%         3    ###....

Your spell library contained the following spells:

 Spells                   Type           Power        Failure   Level  Hunger
 Corona                   Hex            ##.....      6%          1    None
 Freeze                   Ice            #...         16%         1    None
 Magic Dart               Conj           #...         16%         1    None
 Shock                    Conj/Air       #...         16%         1    None
 Summon Small Mammal      Summ           #...         16%         1    None
 Ensorcelled Hibernation  Hex/Ice        #.....       16%         2    ##.....
 Poisonous Vapours        Pois/Air       #.....       24%         2    ##.....
 Searing Ray              Conj           #.....       24%         2    ##.....
 Throw Frost              Conj/Ice       #.....       24%         2    ##.....
 Dazzling Spray           Conj/Hex       #.....       30%         3    ###....
 Conjure Flame            Conj/Fire      #.......     43%         3    ###....
 Ozocubu's Armour         Chrm/Ice       #.......     43%         3    ###....
 Static Discharge         Conj/Air       #.......     43%         3    ###....
 Fulminant Prism          Conj/Hex       #.........   69%         4    ####...
 Airstrike                Air            #.........   83%         4    ####...
 Iskenderun's Mystic Bla  Conj           #.......     83%         4    ####...
 Summon Ice Beast         Ice/Summ       #.......     83%         4    ####...
 Throw Icicle             Conj/Ice       #.......     83%         4    ####...
 Metabolic Englaciation   Hex/Ice        #.........   95%         5    ######.
 Iskenderun's Battlesphe  Conj/Chrm      #.......     99%         5    ######.
 Lightning Bolt           Conj/Air       #.........   99%         5    ######.
 Venom Bolt               Conj/Pois      #.........   99%         5    ######.
 Freezing Cloud           Conj/Ice/Air   #.........   100%        6    #######
 Haunt                    Necr/Summ      #.........   100%        7    #######
 Orb of Destruction       Conj           #.........   100%        7    #######
 Ring of Flames           Chrm/Fire      #.........   100%        7    #######
 Spellforged Servitor     Conj/Summ      #.........   100%        7    #######
 Borgnjor's Revivificati  Necr           ##........   100%        8    #######
 Death's Door             Chrm/Necr      #.........   100%        8    #######
 Infestation              Necr           ##........   100%        8    #######
 Beastly Appendage        Tmut           Unusable     N/A         1    N/A
 Sticks to Snakes         Tmut           Unusable     N/A         2    N/A
 Gell's Gravitas          Tloc           Unusable     N/A         3    N/A
 Spider Form              Tmut/Pois      Unusable     N/A         3    N/A
 Force Lance              Conj/Tloc      Unusable     N/A         4    N/A
 Ice Form                 Ice/Tmut       Unusable     N/A         4    N/A
 Petrify                  Tmut/Erth      Unusable     N/A         4    N/A
 Yara's Violent Unravell  Hex/Tmut       Unusable     N/A         5    N/A
 Blade Hands              Tmut           Unusable     N/A         5    N/A
 Bolt of Magma            Conj/Fire/Erth Unusable     N/A         5    N/A
 Iron Shot                Conj/Erth      Unusable     N/A         6    N/A
 Necromutation            Tmut/Necr      Unusable     N/A         8    N/A

Dungeon Overview and Level Annotations

Branches:
Dungeon (13/15)            Temple (0/1) D:5            Lair (6/6) D:10
 Shoals (0/4) Lair:3       Spider (0/4) Lair:4        Slime (0/5) Lair:6
    Orc (0/2) D:10          Sewer (visited)           IceCv (1/1)
 Vaults: D:13-14

Altars:
Dithmenos
Fedhas
Gozag
Hepliaklqana
Ru
Vehumet
Xom
Zin

Shops:
D:4 ?   D:7 *   D:8 [   D:10 :

Annotations:
IceCv exclusion: 2 ice statues


Innate Abilities, Weirdness & Mutations

You cannot wear most types of armour.
You are very stealthy in the water. (Stealth+)
You are amphibious.
You can wear up to eight rings at the same time.
You can use your tentacles to constrict eight enemies at once.
Your skin changes colour to match your surroundings (Stealth+).
You occasionally shout uncontrollably at your foes.
Your rubbery body absorbs attacks. (AC +1, EV +1)
You cannot study or use magical devices.
You cannot study or cast Earth magic.
You cannot study or cast Translocations magic.
You cannot study or cast Transmutations magic.
You are somewhat inexperienced. (-2 XL)
You are missing an eye, making it more difficult to aim.


Message History

You kill the ice devil!
You redirect the white imp's attack!
The white imp hits you but does no damage.
You puncture the white imp! You burn the white imp.
You kill the white imp!
You hit the ice devil. You burn the ice devil. You grab the ice devil.
You squeeze the ice devil, but do no damage.
You constrict the ice devil. The ice devil barely misses you.
You puncture the ice devil! You burn the ice devil.
You constrict the ice devil, but do no damage.
The ice devil hits you.
* * * LOW HITPOINT WARNING * * *
The ice devil freezes you! You resist.
* * * LOW HITPOINT WARNING * * *
You hit the ice devil but do no damage. You squeeze the ice devil.
You constrict the ice devil, but do no damage.
The ice devil hits you!
* * * LOW HITPOINT WARNING * * *
The ice devil freezes you! You resist.
You die...

##....##..##
###.......#
##..######
##......#
####
#8......#
##.....##
#####
#....##
##...##
##..##
##.....#
#...##
#......##
##...#
#...@4..#
#..##
#...##..##
#...####
##..#.§..#
##..#..##
#.##.#§.#
#..#...##
#.#..##§##
#.......#
......#°§#
#...##..#
....5.§§§§#
#..###...
###...#§°.#
##.#.##..
.....#§§§#
##....#..


You could see an ice devil.

Vanquished Creatures
  Erolcha (D:12)
  Fannar (Lair:3)
  4 hydras
  A catoblepas (Lair:4)
  3 death yaks (Lair:6)
  3 two-headed ogres
  A deep troll shaman (Lair:6)
  Sonja (Lair:4)
  Urug (Lair:6)
  4 unseen horrors
  A lindwurm (Lair:6)
  An orc knight (D:12)
  3 ugly things (D:11)
  A cyclops (D:12)
  2 manticores
  2 black mambas (Lair:6)
  A torpor snail (Lair:2)
  4 elephants (Lair:6)
  8 spiny frogs
  A rime drake (Lair:6)
  4 komodo dragons
  5 ice devils (IceCv)
  A polar bear (Lair:6)
  2 trolls (D:12)
  3 jumping spiders (Lair:4)
  17 blink frogs
  2 hornets
  9 hippogriffs
  5 dream sheep
  A redback (Lair:4)
  19 yaks
  5 wyverns
  2 basilisks
  A steam dragon (Lair:3)
  2 hungry ghosts
  Edmund (D:6)
  A soldier ant (D:12)
  Duvessa (D:6)
  13 water moccasins
  7 porcupines
  3 phantoms
  6 sky beasts
  2 black bears
  6 orc warriors
  16 ice beasts
  7 ogres
  2 necrophages
  4 centaurs
  9 wolves
  11 crocodiles
  13 bullfrogs
  5 big kobolds
  A wyvern zombie (D:8)
  Dowan (D:6)
  4 scorpions
  15 killer bees
  4 wights (D:11)
  A howler monkey (D:9)
  6 crimson imps
  6 jellies
  2 quasits
  A bullfrog zombie (D:12)
  8 hounds
  12 orc wizards
  9 orc priests
  5 centaur skeletons
  4 iguanas
  7 worker ants
  16 adders
  A gnoll (D:1)
  2 river rats (Sewer)
  3 shadow imps
  7 white imps (IceCv)
  6 ufetubi (IceCv)
  6 oozes
  An adder zombie (D:5)
  5 worms
  A dart slug (D:3)
  6 leopard geckos
  71 orcs
  2 ball pythons
  6 bats
  7 giant cockroaches
  14 goblins
  6 hobgoblins
  14 jackals
  16 kobolds
  4 quokkas
  6 frilled lizards
  A quokka zombie (D:7)
  12 rats
  4 bushes
  11 fungi
  67 plants
610 creatures vanquished.

Vanquished Creatures (collateral kills)
  A hydra (Lair:6)
  A catoblepas (Lair:6)
  A torpor snail (Lair:6)
  2 spiny frogs (Lair:6)
  4 blink frogs (Lair:6)
  3 yaks (Lair:6)
  3 wolves (Lair:6)
  A killer bee (D:11)
  An orc priest (D:11)
  3 oozes (Lair:6)
  2 bushes (Lair:6)
  3 fungi (Lair:6)
  3 plants (Lair:6)
28 creatures vanquished.

Vanquished Creatures (others)
  A spiny frog (Lair:4)
  A blink frog (Lair:3)
  A porcupine (Lair:1)
  A killer bee (D:11)
  An orc wizard (D:6)
  An adder (D:12)
  3 white imps (IceCv)
  4 ufetubi (IceCv)
  An orc (D:7)
  6 fungi (Lair:6)
  13 plants (Lair:6)
33 creatures vanquished.

Grand Total: 671 creatures vanquished

Notes
Turn   | Place    | Note
-------+----------+-------------------------------------------
     0 | D:1      | mablya the Octopode Artificer began the quest for the Orb.
     0 | D:1      | Reached XP level 1. HP: 13/13 MP: 3/3
   152 | D:1      | Reached XP level 2. HP: 12/18 MP: 4/4
   792 | D:1      | Reached skill level 2 in Fighting
   792 | D:1      | Reached XP level 3. HP: 17/24 MP: 5/5
  1616 | D:2      | Found a sacrificial altar of Ru.
  1718 | D:2      | Became a worshipper of Ru the Awakened
  1825 | D:2      | Reached XP level 4. HP: 26/30 MP: 6/6
  2571 | D:3      | Reached skill level 3 in Fighting
  2765 | D:3      | Gained mutation: You are somewhat inexperienced. (-2 XL)
                  | [Ru sacrifice]
  2765 | D:3      | Reached XP level 3. HP: 26/26 MP: 5/5
  2765 | D:3      | Reached XP level 2. HP: 21/21 MP: 4/4
  2765 | D:3      | Reached * piety under Ru
  2765 | D:3      | Reached ** piety under Ru
  2774 | D:3      | Found a shadowy altar of Dithmenos.
  2819 | D:3      | Reached XP level 3. HP: 24/26 MP: 5/5
  2912 | D:3      | Reached XP level 4. HP: 31/31 MP: 6/6
  3193 | D:3      | Reached XP level 5. HP: 17/37 MP: 7/7
  3595 | D:3      | Learned a level 1 spell: Confusing Touch
  3599 | D:3      | Learned a level 3 spell: Confuse
  3650 | D:4      | Found a glowing drain.
  3678 | Sewer    | Entered a sewer
  3684 | Sewer    | Reached skill level 4 in Fighting
  3905 | Sewer    | Reached skill level 1 in Hexes
  4000 | Sewer    | Reached XP level 6. HP: 39/43 MP: 8/8
  4016 | Sewer    | Reached skill level 1 in Spellcasting
  4133 | D:4      | Found Huipnup's Magic Scroll Shoppe.
  4143 | D:4      | Bought 2 scrolls of teleportation for 72 gold pieces
  4143 | D:4      | Bought a scroll of fear for 42 gold pieces
  4539 | D:5      | Entered Level 5 of the Dungeon
  4546 | D:5      | Gained mutation: You cannot study or use magical devices.
                  | [Ru sacrifice]
  4546 | D:5      | Reached *** piety under Ru
  4546 | D:5      | Reached **** piety under Ru
  4902 | D:5      | Reached skill level 5 in Dodging
  4902 | D:5      | Reached XP level 7. HP: 42/49 MP: 7/9
  5373 | D:5      | Reached skill level 5 in Fighting
  5637 | D:5      | Reached XP level 8. HP: 46/55 MP: 11/11
  5982 | D:5      | Found an opulent altar of Gozag.
  6031 | D:5      | Found a staircase to the Ecumenical Temple.
  6235 | D:5      | Found a shimmering altar of Xom.
  6915 | D:6      | Reached skill level 6 in Fighting
  7230 | D:6      | Reached skill level 1 in Shields
  7414 | D:6      | Reached skill level 5 in Hexes
  7488 | D:6      | Noticed Edmund
  7502 | D:6      | Killed Edmund
  7502 | D:6      | Reached XP level 9. HP: 62/62 MP: 13/13
  7689 | D:6      | Reached skill level 7 in Fighting
  8157 | D:6      | Learned a level 1 spell: Animate Skeleton
  8160 | D:6      | Learned a level 2 spell: Swiftness
  8162 | D:6      | Learned a level 1 spell: Apportation
  8174 | D:7      | Noticed Duvessa
  8175 | D:7      | Noticed Dowan
  8424 | D:6      | Reached skill level 1 in Necromancy
  8718 | D:6      | Killed Duvessa
  8724 | D:6      | Killed Dowan
  8868 | D:7      | Reached skill level 8 in Fighting
  9946 | D:7      | Found Kealident's General Store.
  9954 | D:7      | Reached skill level 9 in Fighting
 10009 | D:7      | Bought 2 atropa-tipped darts for 16 gold pieces
 10009 | D:7      | Bought a potion of heal wounds for 70 gold pieces
 10009 | D:7      | Bought a scroll of enchant armour for 105 gold pieces
 10009 | D:7      | Bought a scroll of identify for 28 gold pieces
 10150 | D:7      | Reached XP level 10. HP: 53/73 MP: 16/16
 10467 | D:8      | Found a blossoming altar of Fedhas.
 10487 | D:8      | Paralysed by a hornet for 3 turns
 10490 | D:8      | Reached skill level 5 in Shields
 11154 | D:8      | Found a hazy altar of Hepliaklqana.
 11154 | D:8      | Found a glowing silver altar of Zin.
 11438 | D:8      | Found Riddocw's Armour Shoppe.
 11474 | D:8      | Reached skill level 10 in Fighting
 12112 | D:8      | Noticed a three-headed hydra
 12120 | D:8      | Killed a one-headed hydra
 12120 | D:8      | Reached skill level 11 in Fighting
 13150 | D:9      | Noticed a two-headed ogre
 13159 | D:9      | Killed a two-headed ogre
 13159 | D:9      | Reached XP level 11. HP: 49/85 MP: 17/17
 13392 | D:9      | Paralysed by a hornet for 2 turns
 14466 | D:9      | Found a radiant altar of Vehumet.
 14669 | D:8      | Bought a +1 hat of intelligence for 160 gold pieces
 14748 | D:4      | Bought a scroll of identify for 24 gold pieces
 14748 | D:4      | Bought a scroll of identify for 24 gold pieces
 14850 | D:10     | Entered Level 10 of the Dungeon
 14858 | D:10     | Found Curano's Book Shoppe.
 14920 | D:10     | Found a staircase to the Orcish Mines.
 15419 | D:10     | Reached skill level 12 in Fighting
 15419 | D:10     | Reached skill level 1 in Long Blades
 15575 | D:10     | Found a staircase to the Lair.
 16020 | D:11     | Noticed a red ugly thing
 16336 | Lair:1   | Entered Level 1 of the Lair of Beasts
 16705 | Lair:1   | Got a pitted rapier
 16706 | Lair:1   | Identified the +8 rapier of Putrescence {flame, rF+ Str-2
                  | Int+3} (You found it on level 1 of the Lair of Beasts)
 16852 | Lair:1   | Gained mutation: You cannot study or cast Earth magic. [Ru
                  | sacrifice]
 16852 | Lair:1   | Gained mutation: You cannot study or cast Transmutations
                  | magic. [Ru sacrifice]
 16852 | Lair:1   | Gained mutation: You cannot study or cast Translocations
                  | magic. [Ru sacrifice]
 16852 | Lair:1   | Reached ***** piety under Ru
 17645 | Lair:2   | Reached skill level 5 in Long Blades
 18148 | Lair:2   | You fall into a shaft and drop 1 floor!
 18155 | Lair:3   | You fall into a shaft and drop 3 floors!
 18155 | Lair:6   | Entered Level 6 of the Lair of Beasts
 18156 | Lair:6   | Noticed a six-headed hydra
 18629 | Lair:5   | Reached XP level 12. HP: 79/91 MP: 18/18
 19196 | Lair:5   | Gained mutation: You occasionally shout uncontrollably at
                  | your foes. [Ru sacrifice]
 19932 | Lair:4   | Noticed a catoblepas
 19950 | Lair:4   | Killed a catoblepas
 20017 | Lair:4   | Noticed Sonja
 20028 | Lair:4   | HP: 3/91 [Sonja/+1 short sword of distortion (9)]
 20038 | Lair:4   | Killed Sonja
 20813 | Lair:4   | Found a hole to the Spider Nest.
 20908 | Lair:3   | Reached skill level 10 in Shields
 21392 | Lair:3   | Found a staircase to the Shoals.
 21457 | Lair:3   | Noticed Fannar
 21475 | Lair:3   | Killed Fannar
 21475 | Lair:3   | Reached skill level 10 in Long Blades
 21880 | Lair:3   | Gained mutation: You are missing an eye, making it more
                  | difficult to aim. [Ru sacrifice]
 21880 | Lair:3   | Reached ****** piety under Ru
 22916 | Lair:2   | Reached XP level 13. HP: 77/97 MP: 10/19
 23582 | Lair:6   | Found a staircase to the Slime Pits.
 23590 | Lair:6   | Noticed Urug
 23597 | Lair:6   | Killed Urug
 24243 | Lair:5   | Identified a scroll of acquirement
 24270 | Lair:5   | Learned a level 3 spell: Tukima's Dance
 25703 | Lair:6   | Reached skill level 1 in Charms
 26244 | Lair:6   | HP: 4/98 [lindwurm/blast of flame (18)]
 26900 | Lair:6   | Found a staircase to the Slime Pits.
 27580 | D:4      | Bought a scroll of identify for 24 gold pieces
 27580 | D:4      | Bought 2 scrolls of enchant weapon for 180 gold pieces
 27580 | D:4      | Bought a scroll of identify for 24 gold pieces
 27580 | D:4      | Bought a scroll of magic mapping for 42 gold pieces
 27580 | D:4      | Bought a scroll of identify for 24 gold pieces
 27580 | D:4      | Bought a scroll of identify for 24 gold pieces
 28816 | D:11     | Reached XP level 14. HP: 23/104 MP: 18/20
 30092 | D:12     | Noticed Erolcha
 30097 | D:12     | Killed Erolcha
 30182 | D:12     | Reached skill level 5 in Necromancy
 30286 | D:12     | Reached skill level 13 in Fighting
 30286 | D:12     | Reached skill level 5 in Spellcasting
 32037 | D:12     | Learned a level 3 spell: Mephitic Cloud
 32065 | D:13     | Found a frozen archway.
 32220 | IceCv    | Entered an ice cave
 32972 | IceCv    | Slain by an ice devil

Levels and vault maps discovered:
D:1:      wander_arrival_chamber, layout_basic, st_stairs_5
D:2:      layout_loops_corners, nicolae_ru_sacrificial_ziggurat, first_ration
D:3:      layout_loops_corners, grunt_dithmenos_smoke_and_mirrors, st_stairs_12
D:4:      layout_cave_pools, portal_sewer_entry_a, serial_shops, shop_scrolls
D:5:      layout_basic, kennysheep_little_box, overflow_temple_1_default,
          minmay_temple_entry_water_ring, grunt_ministairs_8
D:6:      layout_loops_ring, minmay_hedge_maze, uniq_edmund
D:7:      layout_cave_pools, serial_shops, nicolae_shop_crystal,
          serial_column_ruins, column_ruins_hut, column_ruins_hut_water,
          column_ruins_grid_1, column_ruins_corridor_straight,
          column_ruins_open_tiny, column_ruins_open_tiny, uniq_duvessa
D:8:      layout_loops_cross, gammafunk_temple_overflow_elements, serial_shops,
          nicolae_shop_window_shopping, hangedman_ranch
          [blue_anna_fruit_fields], fedhas_altar_3
D:9:      layout_stronghold, vehumet_altar_wand_db
D:10:     layout_basic, lair_entry_dummy, david_orc_2, serial_shops,
          nicolae_shop_trees
D:11:     layout_loops_ring
D:12:     layout_basic, minmay_fractal_squares_gapless_5, uniq_erolcha
D:13:     layout_roguey, david_vaults_1, portal_ice_cave_entry_ice_beasts,
          serial_shops, shop, kb_rosetta, uniq_snorg
Lair:1:   layout_gridlike
Lair:2:   layout_concentric_octagons, grunt_megastairs_5
Lair:3:   layout_chaotic_city, shoals_dummy_entry, uniq_fannar
Lair:4:   layout_regular_city, spider_nest_entry_funnel_web,
          serial_bayou_shore_a, uniq_sonja
Lair:5:   layout_gridlike, chequers_serial_rivers_room_a, st_stairs_13
Lair:6:   grunt_lair_end_beastmaster, layout_long_grid,
          nicolae_slime_entry_slimehenge, serial_forest,
          infiniplex_forest_lined_room_2, infiniplex_forest_clump_large,
          infiniplex_forest_clump_C, infiniplex_forest_corner_1,
          infiniplex_forest_clump_long, infiniplex_forest_straight_5,
          infiniplex_forest_clump_long, infiniplex_forest_clump_cross,
          serial_bayou_shore_b, uniq_urug
IceCv:    ice_cave_small_demon

Skill      XL: |  1  2  3  4  5  6  7  8  9 10 11 12 13 14 |
---------------+-------------------------------------------+-----
Fighting       | 2 3 4 5 6 9 11 12 13 | 13.3
Dodging        | 3 4 5 6 7 |  7.9
Hexes          | 1 2 3 5 |  5.0
Spellcasting   | 1 2 3 4 5 |  5.4
Evocations     | 0 |  0.0
Shields        | 1 4 7 8 10 11 | 11.8
Necromancy     | 2 4 5 |  5.0
Long Blades    | 6 10 11 | 11.9
Charms         | 2 |  2.0
Short Blades   | |  1.0
Maces & Flails | |  0.1
Stealth        | |  1.3

Action                   |  1- 3 |  4- 6 |  7- 9 | 10-12 | 13-15 || total
-------------------------+-------+-------+-------+-------+-------++-------
Melee: Short sword       |    30 |     4 |    48 |       |       ||    82
       Constrict         |    19 |    41 |    57 |    91 |    43 ||   251
       Tentacles         |    11 |    31 |    88 |   130 |   151 ||   411
       Dagger            |    53 |   170 |   288 |       |       ||   511
       Hand axe          |       |       |       |    95 |       ||    95
       Falchion          |       |       |       |   163 |   188 ||   351
       Rapier            |       |       |       |   267 |   398 ||   665
       Flail             |       |       |       |    26 |       ||    26
       Quick blade       |       |       |       |       |    19 ||    19
 Fire: Hunting sling     |       |       |    81 |       |       ||    81
Throw: Dart              |       |       |     3 |    13 |    11 ||    27
 Cast: Confuse           |       |       |       |     4 |       ||     4
       Animate Skeleton  |       |       |       |       |    37 ||    37
       Confusing Touch   |       |       |       |       |     3 ||     3
Invok: Sacrifice Experie |     1 |       |       |       |       ||     1
       Sacrifice Artific |       |     1 |       |       |       ||     1
       Draw Out Power    |       |       |     2 |     7 |     3 ||    12
       Reject Sacrifices |       |       |     1 |       |       ||     1
       Sacrifice Arcana  |       |       |       |     1 |       ||     1
       Apocalypse        |       |       |       |     3 |    10 ||    13
       Sacrifice Purity  |       |       |       |     1 |       ||     1
       Sacrifice an Eye  |       |       |       |     1 |       ||     1
  Use: Scroll            |       |     4 |     2 |     7 |    18 ||    31
       Potion            |       |       |       |     2 |     3 ||     5
 Stab: Sleeping          |     7 |    17 |     4 |    31 |     2 ||    61
       Invisible         |       |     2 |     1 |     6 |     7 ||    16
       Distracted        |       |     1 |     1 |     4 |     5 ||    11
       Paralysed         |       |       |     2 |     3 |    22 ||    27
       Petrified         |       |       |       |     8 |       ||     8
       Confused          |       |       |       |     2 |     1 ||     3
  Eat: Chunk             |     3 |     9 |    14 |    25 |    15 ||    66
       Ration            |       |       |     1 |     4 |     6 ||    11
Armor: Skin              |     4 |     5 |    11 |    20 |    39 ||    79
Dodge: Dodged            |    50 |   101 |   217 |   307 |   246 ||   921
Block: Shield            |       |       |    51 |   261 |   222 ||   534
       Buckler           |       |       |       |       |     2 ||     2
       Rpst.: Falchion   |       |       |       |    31 |    16 ||    47

Table legend:
 A = Non-vault XP
 B = Vault XP
 C = Vault XP percentage of total XP
 D = Non-vault monster count
 E = Vault monster count
 F = Vault count percentage of total count
                 A         B        C        D         E       F
            +---------+---------+-------+---------+---------+-------
      Total |   50425 |   18144 |  26.5 |     438 |     117 |  21.1
            +---------+---------+-------+---------+---------+-------
        D:1 |      60 |       5 |   7.7 |      26 |       3 |  10.3
        D:2 |      25 |       0 |   0.0 |      11 |       0 |   0.0
        D:3 |     197 |       2 |   1.0 |      33 |       2 |   5.7
        D:4 |     147 |      21 |  12.5 |      17 |       4 |  19.0
        D:5 |    1185 |       2 |   0.2 |      29 |       1 |   3.3
        D:6 |    1460 |     397 |  21.4 |      37 |       3 |   7.5
        D:7 |    1173 |       0 |   0.0 |      25 |       0 |   0.0
        D:8 |    1481 |    2169 |  59.4 |      26 |       8 |  23.5
        D:9 |    2645 |       2 |   0.1 |      28 |       1 |   3.4
       D:10 |     862 |     125 |  12.7 |      15 |       8 |  34.8
       D:11 |    6753 |       0 |   0.0 |      43 |       0 |   0.0
       D:12 |    7225 |    1697 |  19.0 |      29 |       6 |  17.1
       D:13 |       0 |    1024 | 100.0 |       0 |       8 | 100.0
     Lair:1 |    1717 |       0 |   0.0 |      11 |       0 |   0.0
     Lair:2 |    5094 |     243 |   4.6 |      23 |       1 |   4.2
     Lair:3 |    4005 |     993 |  19.9 |      21 |       1 |   4.5
     Lair:4 |    3975 |    1956 |  33.0 |      12 |       5 |  29.4
     Lair:5 |    2066 |     137 |   6.2 |      11 |       1 |   8.3
     Lair:6 |   10355 |    7455 |  41.9 |      41 |      26 |  38.8
      Sewer |       0 |     198 | 100.0 |       0 |      21 | 100.0
      IceCv |       0 |    1718 | 100.0 |       0 |      18 | 100.0
            +---------+---------+-------+---------+---------+-------
